AoeStats
← erik12bott

Pilgrims

509893970Analyzed
2v2 RM · 5d ago on Sep 28, 2026· 44m 39s· 4 players
Game mode
Random Map
Map size
Medium (4 player)
Population
200
Speed
Normal
Resources
Standard
Victory
Conquest
Starting age
Dark Age
Ending age
Imperial Age
RankedLock teamsTeams togetherTeam positionsShared explorationLock speedFull tech treeHidden civsTurbo modeCheats
Victory
Defeat
🇷🇺 Poles · Russia
1210
+13
🇷🇺 Muisca · Russia
1197
+13
🇳🇴 Varangians · Norway
1142
-13
🇳🇴 Danes · Norway
1142
-13
DwarfLord
7:33 Loom
9:30 Feudal Age
12:30 Man-at-Arms
13:51 Arson
14:33 Double-Bit Axe
22:36 Castle Age
20:59 Scale Mail Armor
21:04 Horse Collar
21:22 Gold Mining
21:23 Stone Mining
22:35 Wheelbarrow
23:48 Chain Mail Armor
26:12 Scale Barding Armor
29:53 Husbandry
31:03 Ballistics
41:47 Imperial Age
39:46 Bow Saw
39:37 Heavy Plow
39:19 Pikeman
40:00 Squires
40:18 Town Watch
42:43 Forging
43:28 Halberdier
44:51 Plate Mail Armor
erik12bott
6:08 Loom
12:36 Feudal Age
13:08 Town Watch
17:51 Castle Age
17:08 Fletching
18:25 Stone Mining
19:55 Bodkin Arrow
27:31 Bloodlines
27:22 Husbandry
29:06 Double-Bit Axe
35:54 Scale Barding Armor
35:59 Forging
37:15 Vendel Legacy
39:07 Chain Barding Armor
39:22 Iron Casting
42:29 Imperial Age
41:26 Iron Casting
43:17 Town Patrol
43:52 Wheelbarrow
44:14 Squires
Vl
3:18 Loom
15:53 Feudal Age
16:21 Double-Bit Axe
24:43 Castle Age
28:44 Imperial Age
29:05 Imperial Age
26:57 Bow Saw
26:44 Fletching
26:54 Padded Archer Armor
28:43 Wheelbarrow
27:53 Town Watch
30:51 Chemistry
29:27 Pikeman
33:02 Bodkin Arrow
34:08 Ballistics
36:12 Murder Holes
36:03 Crossbowman
36:48 Thumb Ring
37:21 Bracer
40:08 Arbalester
41:44 Leather Archer Armor
jileh9
4:18 Loom
8:45 Feudal Age
9:13 Double-Bit Axe
16:04 Castle Age
14:35 Forging
18:05 Medium Warships
22:00 Iron Casting
21:58 Fletching
25:00 Szlachta Privileges
26:18 Horse Collar
27:25 Husbandry
27:28 Arson
28:17 Town Watch
29:08 Wheelbarrow
29:53 Scale Barding Armor
31:04 Chain Barding Armor
31:13 Bloodlines
37:06 Imperial Age
35:42 Bodkin Arrow
37:24 Cavalier
37:38 Onager
40:56 Ballistics
Connection lost

Rejoining the realm…

Still unreachable

The connection could not be restored.

Session expired

The server has moved on; the page needs a fresh start.